Map: Deathaura LE

Players

Ezreal - Winner!

  • Race: Zerg Zerg
  • League: Diamond
  • Spawn Location: 5:00

Osiris

  • Race: Terran Terran
  • League: Diamond
  • Spawn Location: 11:00

VOD

Have the link to the VOD?

Description

Time

  • Played on: Jan. 5, 2021, 7:25 a.m.
  • Length: 5:52
Show
View Real Time Build Order
Export as new Build Order

Ezreal Zerg - Winner!

Build Orders: Hatch First, Roach Nydus 

Get SALT Encoding   

  12  0:01  Drone  
  13  0:12  Overlord  
  13  0:18  Drone  
  14  0:31  Drone x2  
  16  0:49  Hatchery  
  15  0:53  Drone  
  15  0:56  Drone  
  17  1:00  Drone  
  18  1:11  Extractor  
  17  1:17  Spawning Pool  
  16  1:20  Drone  
  16  1:24  Drone  
  18  1:34  Drone  
  19  1:45  Drone  
  20  1:50  Overlord  
  20  2:05  Queen  
  20  2:06  Zergling x4  
  26  2:22  Drone x2  
  28  2:23  Drone  
  29  2:34  Lair  
  27  2:38  Extractor  
  27  2:41  Zergling x2  
  27  2:48  Queen  
  29  2:51  Drone x3  
  29  2:53  Overlord  
  32  3:18  Roach Warren  
  32  3:19  Drone x2  
  33  3:28  Queen  
  35  3:36  Overlord  
  35  3:40  Nydus Network  
  34  3:41  Overlord  
  34  3:44  Queen  
  36  3:58  Overlord  
  36  4:03  Roach  
  36  4:04  Roach x5  
  48  4:17  Roach x4  
  56  4:29  Nydus Canal  
  56  4:35  Overseer  
  56  4:44  Nydus Canal  
  56  4:45  Overseer  
  56  4:48  Drone x2, Roach x2  
  62  5:01  Nydus Canal  
  62  5:18  Roach x3  
Show
View Real Time Build Order
Export as new Build Order

Osiris Terran 

Build Orders: Reaper Expand, Hellion Banshee 

Get SALT Encoding   

  12  0:00  SCV  
  13  0:12  SCV  
  14  0:17  Supply Depot  
  14  0:24  SCV  
  15  0:38  SCV  
  15  0:40  Barracks  
  16  0:44  Refinery  
  16  0:50  SCV  
  17  1:02  SCV  
  18  1:14  SCV  
  19  1:27  Reaper  
  19  1:28  Orbital Command  
  20  1:39  Command Center  
  20  1:49  Supply Depot  
  20  1:53  SCV  
  21  1:59  Marine  
  22  2:06  SCV  
  23  2:12  Factory  
  23  2:18  SCV  
  23  2:22  Barracks Reactor  
  24  2:30  SCV  
  24  2:43  SCV  
  25  2:50  Command Center  
  25  2:52  Orbital Command  
  25  2:55  SCV  
  26  3:01  Starport  
  26  3:06  Hellion  
  26  3:11  Hellion  
  30  3:14  Refinery  
  30  3:15  Barracks Tech Lab  
  30  3:19  SCV  
  31  3:20  SCV  
  32  3:27  Hellion  
  32  3:31  SCV  
  32  3:32  Hellion  
  32  3:33  SCV  
  38  3:43  SCV  
  38  3:44  Banshee  
  38  3:47  SCV  
  43  3:49  Hellion  
  45  3:55  SCV  
  45  4:02  Hellion  
  48  4:15  Cloaking Field, Orbital Command, Barracks Tech Lab  
  48  4:16  SCV  
  48  4:29  Banshee  
  52  4:31  SCV, Barracks  
  52  4:32  Barracks  
  52  4:42  Engineering Bay  
  52  4:43  Engineering Bay, Supply Depot  
  52  4:49  SCV  
  53  4:54  SCV x2  
  55  5:01  SCV  
  55  5:04  Factory Tech Lab  
  55  5:05  Marine  
Tags
 
Add a new tag
Caveats
  • Supply blocks, unpowered buildings, or Contaminate may cause inaccurate times.
  • Supply counts are checked every 10 seconds.